 Dungeon Crawl Stone Soup version 0.29.1-12-g30fa7ad0bf (webtiles) character file.

Game seed: 4946775616941602205

6 wormed the Trooper (level 1, 0/20 HPs)
             Began as a Hill Orc Fighter on Dec 20, 2022.
             Slain by a kobold
             ... wielding a +1 short sword of venom
              (2 damage)
             ... on level 1 of the Dungeon.
             The game lasted 00:00:39 (136 turns).

wormed the Trooper (Hill Orc Fighter)                Turns: 136, Time: 00:00:40

Health: 0/20       AC:  6    Str: 18    XL:     1   Next: 90%
Magic:  1/1        EV:  9    Int:  8    God:
Gold:   12         SH:  4    Dex: 10    Spells: 0/0 levels left

rFire   . . .      SeeInvis .   a - +0 war axe
rCold   . . .      Faith    .   c - +0 buckler
rNeg    . . .      Spirit   .   b - +0 scale mail
rPois   .          Reflect  .   (no helmet)
rElec   .          Harm     .   (no cloak)
rCorr   .          Rampage  .   (no gloves)
Will    .....                   (no boots)
Stlth   ..........              (no amulet)
HPRegen 0.06/turn               (no ring)
MPRegen 0.07/turn               (no ring)

@: mighty, lethally poisoned (0 -> -10), attractive
A: no striking features
a: no special abilities


You were on level 1 of the Dungeon.
You visited 1 branch of the dungeon, and saw 1 of its levels.

You collected 12 gold pieces.

Inventory:

Hand Weapons
 a - a +0 war axe (weapon)
Armour
 b - a +0 scale mail (worn)
 c - a +0 buckler (worn)
Jewellery
 h - a ring of protection from cold
Scrolls
 g - a scroll of immolation {unknown}


   Skills:
 + Level 3.7 Fighting
 * Level 3.0 Axes
 + Level 3.3 Armour
 + Level 3.3 Shields


You couldn't memorise any spells.
You didn't know any spells.
Your spell library was empty.

Dungeon Overview and Level Annotations

Branches:
Dungeon (1/15)

Altars:


Message History

You are too injured to fight recklessly!
You are too injured to fight recklessly!
You are too injured to fight recklessly!
You are too injured to fight recklessly!
You slash the rat!
You kill the rat!
You feel very sick. The bat barely misses you. x2
You barely miss the bat.
You feel sick. The bat hits you but does no damage.
The bat barely misses you. x2
You barely miss the bat.
You feel sick. The bat hits you but does no damage. The bat closely misses you.
The bat hits you but does no damage.
It was a potion of attraction.
You feel attractive to monsters.
You feel sick. The bat hits you.
* * * LOW HITPOINT WARNING * * *
It was a potion of heal wounds.
You feel much better.
You feel sick. The kobold hits you but does no damage.
You barely miss the kobold.
You feel sick.
You are no longer poisoned.
The kobold hits you but does no damage.
You are poisoned.
You closely miss the kobold.
You feel sick. The kobold closely misses you.
The kobold hits you but does no damage.
You are more poisoned.
You closely miss the kobold.
You feel very sick.
The kobold hits you with a +1 short sword of venom.
You are lethally poisoned!
You are too injured to fight recklessly!
You feel very mighty all of a sudden.
* * * LOW HITPOINT WARNING * * *
You feel very sick. You block the kobold's attack.
You closely miss the kobold.
* * * LOW HITPOINT WARNING * * *
You feel very sick. The kobold closely misses you.
The kobold hits you with a +1 short sword of venom.
You die...

####.# #..... #.##.#
#.##.# ####....# ####
#......## ..# #.##.#.## #
#.# ######.##..... ###.#
#@# #.......#.....
#.....##K###.####..###.##
#.).b............#.##
.........#.............#
>.....####.#.###...#.#.#
...... #.#.......#.#.#
....# #.##........#.#
#... #.############# ##.
#.. ♣♣♣♣♣♣♣♣♣♣♣


You could see a bat and a kobold.

Vanquished Creatures
  2 goblins (D:1)
  A hobgoblin (D:1)
  A frilled lizard (D:1)
  2 rats (D:1)
6 creatures vanquished.

Notes
Turn   | Place    | Note
-------+----------+-------------------------------------------
     0 | D:1      | wormed the Hill Orc Fighter began the quest for the Orb.
     0 | D:1      | Reached XP level 1. HP: 19/19 MP: 1/1
   136 | D:1      | Slain by a kobold

Illustrated notes

Levels and vault maps discovered:
D:1:      eino_arrival_tree_alley, layout_loops_cross,
          nicolae_ecumenical_snake_handling

Skill      XL: |  1 |
---------------+----+-----
Axes           | 3 |  3.0
Fighting       | |  3.7
Armour         | |  3.3
Shields        | |  3.3

Action                   || total
-------------------------++-------
Melee: War axe           ||    24
  Use: Potion            ||     3
Armor: Scale mail        ||    14
Dodge: Dodged            ||    15
Block: Buckler           ||     7
